 Dungeon Crawl Stone Soup version 0.27-a0-1557-g57f10a385c (webtiles) character file.

Game seed: 2787903661006962401

14 lunkers the Ruffian (level 2, 0/24 HPs)
             Began as a Ghoul Warper on July 15, 2021.
             Slain by a kobold (5 damage)
             ... on level 1 of the Dungeon.
             The game lasted 00:00:43 (668 turns).

lunkers the Ruffian (Ghoul Warper)                   Turns: 668, Time: 00:00:44

Health: 0/24       AC:  3    Str: 14    XL:     2   Next: 45%
Magic:  3/3        EV: 11    Int:  8    God:
Gold:   0          SH:  0    Dex:  8    Spells: 4/4 levels left

rFire    . . .     SeeInvis .     - Unarmed
rCold    + . .     Faith    .   (no shield)
rNeg     + + +     Spirit   .   a - +0 leather armour
rPois    ∞         Reflect  .   (no helmet)
rElec    .         Harm     .   (no cloak)
rCorr    .         Rampage  .   (no gloves)
Will     .....                  (no boots)
Stlth    +.........             (no amulet)
HPRegen  0.00/turn              (no ring)
MPRegen  0.08/turn              (no ring)

@: no status effects
A: claws 1, cold resistance 1, negative energy resistance 3, inhibited
regeneration, torment resistance 2
a: no special abilities


You were on level 1 of the Dungeon.
You visited 1 branch of the dungeon, and saw 1 of its levels.

Inventory:

Missiles
 c - 5 boomerangs of dispersal
Armour
 a - a +0 leather armour (worn)
Scrolls
 b - a scroll of blinking
 e - a scroll of summoning {unknown}
Potions
 d - a potion of brilliance {unknown}
 f - a potion of curing {unknown}


   Skills:
 - Level 2.1 Fighting
 - Level 0.8 Throwing
 - Level 0.8 Armour
 - Level 1.7 Dodging
 * Level 3.3 Unarmed Combat
 - Level 1.7 Spellcasting
 - Level 2.6 Translocations


You had 4 spell levels left.
You didn't know any spells.
Your spell library contained the following spells:

 Spells                   Type           Power      Damage    Failure   Level
 Blink                    Tloc           N/A        N/A       22%         2
 Gell's Gravitas          Tloc           2%         N/A       41%         3
 Lesser Beckoning         Tloc           2%         N/A       41%         3
 Teleport Other           Tloc           5%         N/A       41%         3
 Manifold Assault         Tloc           5%         N/A       99%         5


Dungeon Overview and Level Annotations

Branches:
Dungeon (1/15)

Altars:


Innate Abilities, Weirdness & Mutations

You thrive by killing the living.
You are immune to poison.
You have sharp fingernails.
Your flesh is cold resistant. (rC+)
You are immune to negative energy. (rN+++)
You do not regenerate when monsters are visible.
You are immune to unholy pain and torment.


Message History

An endoplasm comes into view.
The endoplasm quivers.
An endoplasm is nearby!
An endoplasm is nearby!
The endoplasm freezes you.
You are frozen.
You resist.
An endoplasm is nearby!
You scratch the endoplasm. You claw the endoplasm.
You kill the endoplasm!
No target in view!
No target in view!
No target in view!
No target in view!
No target in view!
You open the door.
A kobold comes into view. It is wielding a +4 whip.
The kobold throws a stone.
The stone hits you.
There is an open door here.
A kobold is nearby!
A kobold is nearby!
A kobold is nearby!
A kobold is nearby!
A kobold is nearby!
A kobold is nearby!
You closely miss the kobold. The kobold hits you with a +4 whip!
You completely miss the kobold. The kobold hits you with a +4 whip.
* * * LOW HITPOINT WARNING * * *
You closely miss the kobold. The kobold hits you with a +4 whip.
* * * LOW HITPOINT WARNING * * *
You scratch the kobold.
The kobold is severely wounded.
The kobold hits you but does no damage.
You barely miss the kobold.
The kobold is severely wounded.
The kobold hits you with a +4 whip.
* * * LOW HITPOINT WARNING * * *
You closely miss the kobold.
The kobold is severely wounded.
The kobold hits you with a +4 whip.
You die...

######### #........
#........ #........ ####
##........ ######
##'.#####.........
##.#..#
♣@#...............
#....#
......K♣#######.........
.....# 8####8.
#......... #....## ##.
#......... ......# #.
#.######## ##.#.## #.
#.# #.#.## #. #.#
##+#..# 8. #.# #.).###
#.#


You could see a kobold.

Vanquished Creatures
  A dart slug (D:1)
  2 ball pythons (D:1)
  2 endoplasms (D:1)
  A hobgoblin (D:1)
  2 kobolds (D:1)
  2 bats (D:1)
  A frilled lizard (D:1)
  A rat (D:1)
12 creatures vanquished.

Notes
Turn   | Place    | Note
-------+----------+-------------------------------------------
     0 | D:1      | lunkers the Ghoul Warper began the quest for the Orb.
     0 | D:1      | Reached XP level 1. HP: 17/17 MP: 2/2
   460 | D:1      | Reached XP level 2. HP: 24/24 MP: 3/3
   493 | D:1      | Reached skill level 3 in Unarmed Combat
   668 | D:1      | Slain by a kobold

Illustrated notes

Levels and vault maps discovered:
D:1:      minmay_arrival_four_houses, layout_loops_corners,
          shapermc_ecumenical_altar_flowoftime, kennysheep_pointless_box

Skill      XL: |  1  2 |
---------------+-------+-----
Unarmed Combat | 3 |  3.3
Fighting       | |  2.1
Throwing       | |  0.8
Armour         | |  0.8
Dodging        | |  1.7
Spellcasting   | |  1.7
Translocations | |  2.6

Action                   || total
-------------------------++-------
Melee: Unarmed           ||    42
       Punch             ||     1
Armor: Leather armour    ||     7
Dodge: Dodged            ||    19

Table legend: (Time is in decaauts)
 A = Elapsed time spent in this place.
 B = Non-inter-level travel time spent in this place.
 C = Inter-level travel time spent in this place.
 D = Time resting spent in this place.
 E = Time spent auto-exploring this place.
 F = Levels seen in this place.
 G = Mean time per level.
                   A        B        C        D        E       F      G
               +--------+--------+--------+--------+--------+-----+--------+
         Total |    665 |    665 |      0 |      0 |    582 |   1 |  665.0 |
       Dungeon |    665 |    665 |      0 |      0 |    582 |   1 |  665.0 |
               +--------+--------+--------+--------+--------+-----+--------+

Top non-repeatable levels by time:
     D:1: 665 daAuts
